Rafales vs Punishers
Created - 30 décembre 2016 at 21:28
Goals
|
| Rafales |
4 |
0 |
1 |
0 |
0 |
5 |
| Punishers |
2 |
2 |
1 |
0 |
1 |
6 |
|
Shots
|
| Rafales |
8 |
17 |
11 |
2 |
3 |
38 |
| Punishers |
11 |
14 |
12 |
1 |
2 |
38 |
|
1st period
1. Rafales , Jeff Skinner 8 (Julian Melchiori) at 1:27
2. Punishers , Dainius Zubrus 2 (Ondrej Palat, Petteri Nokelainen) at 7:52
3. Rafales , Cody McLeod 25 (Milan Bartovic, Mike Zigomanis) at 8:58
4. Rafales , Mike Zigomanis 23 (Cody McLeod, Milan Bartovic) at 15:15 (PP)
5. Rafales , Milan Bartovic 11 (Mike Zigomanis) at 15:28
6. Punishers , Brandon McMillan 7 (Adam McQuaid, Tanner Glass) at 16:59
Penalties :
Alex Petrovic (Pro) for Roughing (Minor) at 11:56, Simon Despres (Pro) for Unsportsmanlike conduct (Minor) at 15:08
2nd period
7. Punishers , Casey Cizikas 9 (Ryan Malone, Ondrej Palat) at 0:34
8. Punishers , Miikka Salomaki 5 (Petteri Nokelainen, Ondrej Palat) at 11:54
Penalties :
Miikka Salomaki (Pro) for Close Hand On Puck (Minor) at 0:56, Mike Sauer (Pro) for High sticking (Minor) at 8:08, Ryan Malone (Pro) for Holding (Minor) at 14:43, Ryan Malone (Pro) for Slashing (Minor) at 19:10
3rd period
9. Rafales , Mike Sislo 9 (Mark Fayne, Nathan Davis) at 6:30
10. Punishers , Petteri Nokelainen 6 (Mike Sauer, Radek Smolenak) at 18:00
Penalties :
Mike Sauer (Pro) for Tripping (Minor) at 6:50, Radek Smolenak (Pro) for Hooking (Minor) at 10:37, Simon Despres (Pro) for Hooking (Minor) at 14:15
Overtime #1
No Goal
Penalties :
No Penalty
Shootout
Penalty Shot by Mike Zigomanis for Rafales - Shot Misses the Net
Penalty Shot by Ryan Malone for Punishers - Goal!
Penalty Shot by Cody McLeod for Rafales - Stopped by Niklas Svedberg
Penalty Shot by Petteri Nokelainen for Punishers - Shot Misses the Net
Penalty Shot by Milan Bartovic for Rafales - Shot Misses the Net
Penalties :
No Penalty
Goalie Stats
John Gibson (Stf), 33 saves from 38 shots - (0,868), OTL, 12-6-3, 65:00 minutes
Niklas Svedberg (Pro), 29 saves from 30 shots - (0,967), W, 3-2-0, 49:32 minutes
Kevin Poulin (Pro), 4 saves from 8 shots - (0,500), 15:28 minutes
Players Stats for Rafales
Player Name G A P +/- PIM S H SB GA TA FO MP PP MP PK MP
------------------------------------------------------------------------------------
Cody McLeod 1 1 2 2 0 6 2 0 1 1 0/1 24:11 8:19 0:00
Connor Murphy 0 0 0 1 0 2 0 0 0 0 0/0 19:20 6:26 0:00
Dylan McIlrath 0 0 0 0 0 0 3 2 0 0 0/0 29:51 9:33 0:00
James Marcou 0 0 0 -2 0 0 0 0 0 0 1/1 8:44 0:00 0:00
Jeff Skinner 1 0 1 -1 0 3 3 0 0 0 0/0 12:41 0:20 0:00
Jonathan Rheault 0 0 0 -1 0 2 2 0 0 0 2/3 17:48 7:20 0:00
Julian Melchiori 0 1 1 -2 0 2 0 0 0 0 0/0 15:27 0:00 0:00
Kevin Veilleux 0 0 0 0 0 0 0 0 0 0 3/9 10:58 0:00 0:00
Marc-André Gragnani 0 0 0 -2 0 2 0 2 0 3 0/0 23:07 6:26 0:00
Mark Fayne 0 1 1 1 0 1 0 0 0 1 0/0 12:02 0:00 0:00
Matt Gilroy 0 0 0 0 0 2 1 1 0 1 0/0 30:13 9:33 0:00
Michael Bournival 0 0 0 -2 0 4 3 0 0 0 0/0 9:48 0:06 0:00
Mike Sislo 1 0 1 0 0 2 2 1 0 0 0/0 17:46 7:20 0:00
Mike Zigomanis 1 2 3 2 0 4 3 0 0 0 24/38 24:25 8:33 0:00
Milan Bartovic 1 2 3 2 0 4 1 0 2 0 3/3 23:40 8:33 0:00
Nathan Davis 0 1 1 -1 0 2 1 1 1 0 6/13 19:48 7:20 0:00
Petr Kalus 0 0 0 -2 0 1 0 0 0 0 0/2 9:07 0:00 0:00
Tim Crowder 0 0 0 0 0 1 0 1 0 0 0/0 11:04 0:06 0:00
Players Stats for Punishers
Player Name G A P +/- PIM S H SB GA TA FO MP PP MP PK MP
------------------------------------------------------------------------------------
Adam McQuaid 0 1 1 1 0 2 1 1 0 0 0/0 23:17 0:00 7:40
Alex Petrovic 0 0 0 1 2 0 0 0 0 0 0/0 13:38 0:00 1:53
Brandon McMillan 1 0 1 2 0 4 1 0 0 0 8/11 10:39 0:00 0:00
Casey Cizikas 1 0 1 0 0 3 3 1 0 0 0/0 13:52 0:00 0:12
Dainius Zubrus 1 0 1 2 0 7 3 0 0 0 0/0 21:21 0:00 8:59
Luke Adam 0 0 0 0 0 5 3 0 0 0 10/21 20:21 0:00 5:11
Matt Mackenzie 0 0 0 1 0 0 1 0 0 0 0/0 12:20 0:00 0:09
Miikka Salomaki 1 0 1 -1 2 1 0 0 0 1 0/1 14:58 0:00 0:00
Mike Sauer 0 1 1 -1 4 2 2 3 0 0 0/0 29:28 0:00 7:15
Mike Weber 0 0 0 1 0 2 1 1 0 1 0/0 27:43 0:00 9:42
Ondrej Palat 0 3 3 -1 0 3 3 1 2 0 0/0 20:23 0:00 6:19
Petteri Nokelainen 1 2 3 0 0 2 1 1 3 0 11/33 29:09 0:00 8:55
Philippe Paradis 0 0 0 -1 0 0 0 0 0 0 0/0 2:13 0:00 0:00
Quinton Howden 0 0 0 0 0 0 0 0 0 0 2/4 6:04 0:00 0:00
Radek Smolenak 0 1 1 0 2 0 2 1 0 0 0/0 6:49 0:00 0:19
Ryan Malone 0 1 1 0 4 2 1 0 1 0 0/0 13:34 0:00 0:00
Simon Despres 0 0 0 -1 4 4 0 2 0 2 0/0 24:15 0:00 5:19
Tanner Glass 0 1 1 2 0 1 1 0 0 0 0/0 13:48 0:00 2:03
3 Stars
1 - Mike Zigomanis (Stf)
2 - Milan Bartovic (Stf)
3 - Cody McLeod (Stf)
Power Play
Rafales - 1 on 9 Attempt(s) - 11,11%
Punishers - 0 on 0 Attempt(s) - 0,00%
Penalty Kill
Rafales - 0 on 0 Attempt(s) - 0,00%
- Score 0 goal in Penalty Kill
Punishers - 8 on 9 Attempt(s) - 88,89%
- Score 0 goal in Penalty Kill
Team Stat
Rafales - Hits : 21 - Faceoff Wins : 39 - Blocked Shots : 8 - Penalty Minutes : 0
Punishers - Hits : 23 - Faceoff Wins : 31 - Blocked Shots : 11 - Penalty Minutes : 18
Official
Referees : Meier Brad and McCauley Wes
Linesman : Brian Murphy and Michel Cormier
Game Notes
Niklas Svedberg enters game at 15:28 of 1st period
Finance
Level 1 -- Attendance: 1599 (79,95%) -- Ticket Income 55 965 $
Level 2 -- Attendance: 740 (74,00%) -- Ticket Income 11 100 $
Total Attendance: 2339 (77,97%)
Total Ticket Income: 67 065 $
Other Income: 3 353 $
Total Income: 70 418 $
Rafales
5 vs 5 Forward
Center Left Wing Right Wing Time % Phy DF OF
1 Mike Zigomanis Cody McLeod Milan Bartovic 40 0 0 5
2 Nathan Davis Jeff Skinner Jonathan Rheault 30 0 0 5
3 Kevin Veilleux Mike Sislo Tim Crowder 20 0 2 3
4 Petr Kalus Michael Bournival James Marcou 10 0 1 4
5 vs 5 Defense
Defense Defense Time % Phy DF OF
1 Dylan McIlrath Matt Gilroy 40 0 3 2
2 Julian Melchiori Marc-André Gragnani 30 0 3 2
3 Mark Fayne Connor Murphy 20 0 4 1
4 Dylan McIlrath Matt Gilroy 10 0 2 3
PowerPlay Forward
Center Left Wing Right Wing Time % Phy DF OF
1 Mike Zigomanis Cody McLeod Milan Bartovic 60 0 0 5
2 Nathan Davis Mike Sislo Jonathan Rheault 40 0 0 5
PowerPlay Defense
Defense Defense Time % Phy DF OF
1 Dylan McIlrath Matt Gilroy 60 0 2 3
2 Connor Murphy Marc-André Gragnani 40 0 2 3
Penalty Kill 4 Players Forward
Center Wing Time % Phy DF OF
1 Mike Zigomanis Cody McLeod 60 0 4 1
2 Milan Bartovic Nathan Davis 40 0 4 0
Penalty Kill 4 Players Defense
Defense Defense Time % Phy DF OF
1 Dylan McIlrath Matt Gilroy 60 0 5 0
2 Connor Murphy Marc-André Gragnani 40 0 5 0
Penalty Kill - 3 Players Forward
Forward Time % Phy DF OF
1 Mike Zigomanis 60 0 5 0
2 Cody McLeod 40 0 5 0
Penalty Kill - 3 Players Defense
Defense Defense Time % Phy DF OF
1 Dylan McIlrath Matt Gilroy 60 1 4 0
2 Mark Fayne Marc-André Gragnani 40 1 4 0
4 vs 4 Forward
Center Wing Time % Phy DF OF
1 Mike Zigomanis Cody McLeod 60 0 2 3
2 Milan Bartovic Nathan Davis 40 0 2 3
4 vs 4 Defense
Defense Defense Time % Phy DF OF
1 Dylan McIlrath Matt Gilroy 60 0 3 2
2 Connor Murphy Marc-André Gragnani 40 0 3 2
Last Minutes Offensive
Center Left Wing Right Wing Defense Defense
Mike Zigomanis Cody McLeod Milan Bartovic Connor Murphy Matt Gilroy
Last Minutes Defensive
Center Left Wing Right Wing Defense Defense
Mike Zigomanis Cody McLeod Milan Bartovic Marc-André Gragnani Matt Gilroy
Goaltenders
Starting : John Gibson
Backup : Philipp Grubauer
Extra Forwards
Normal : Cody McLeod, Jeff Skinner, Mike Zigomanis - PP : Cody McLeod, Jeff Skinner - PK : Mike Zigomanis
Extra Defensemen
Normal : Matt Gilroy, Connor Murphy, Mark Fayne - PP : Matt Gilroy - PK : Dylan McIlrath, Mark Fayne
Penalty Shots
Mike Zigomanis, Cody McLeod, Milan Bartovic, Nathan Davis, Jeff Skinner
Punishers
5 vs 5 Forward
Center Left Wing Right Wing Time % Phy DF OF
1 Petteri Nokelainen Ondrej Palat Miikka Salomaki 40 1 2 2
2 Luke Adam Ryan Malone Casey Cizikas 30 1 2 2
3 Brandon McMillan Tanner Glass Dainius Zubrus 20 1 2 2
4 Quinton Howden Radek Smolenak Petteri Nokelainen 10 1 2 2
5 vs 5 Defense
Defense Defense Time % Phy DF OF
1 Simon Despres Mike Sauer 40 1 2 2
2 Adam McQuaid Mike Weber 30 1 2 2
3 Matt Mackenzie Alex Petrovic 20 1 2 2
4 Mike Weber Mike Sauer 10 1 2 2
PowerPlay Forward
Center Left Wing Right Wing Time % Phy DF OF
1 Petteri Nokelainen Ryan Malone Dainius Zubrus 60 1 2 2
2 Luke Adam Ondrej Palat Miikka Salomaki 40 1 2 2
PowerPlay Defense
Defense Defense Time % Phy DF OF
1 Mike Weber Mike Sauer 60 1 2 2
2 Adam McQuaid Simon Despres 40 1 2 2
Penalty Kill 4 Players Forward
Center Wing Time % Phy DF OF
1 Petteri Nokelainen Dainius Zubrus 60 1 2 2
2 Luke Adam Ondrej Palat 40 1 2 2
Penalty Kill 4 Players Defense
Defense Defense Time % Phy DF OF
1 Mike Weber Mike Sauer 60 1 2 2
2 Adam McQuaid Simon Despres 40 1 2 2
Penalty Kill - 3 Players Forward
Forward Time % Phy DF OF
1 Luke Adam 60 1 2 2
2 Petteri Nokelainen 40 1 2 2
Penalty Kill - 3 Players Defense
Defense Defense Time % Phy DF OF
1 Mike Weber Mike Sauer 60 1 2 2
2 Adam McQuaid Simon Despres 40 1 2 2
4 vs 4 Forward
Center Wing Time % Phy DF OF
1 Petteri Nokelainen Miikka Salomaki 60 1 2 2
2 Luke Adam Ondrej Palat 40 1 2 2
4 vs 4 Defense
Defense Defense Time % Phy DF OF
1 Mike Weber Mike Sauer 60 1 2 2
2 Adam McQuaid Simon Despres 40 1 2 2
Last Minutes Offensive
Center Left Wing Right Wing Defense Defense
Petteri Nokelainen Ryan Malone Miikka Salomaki Mike Weber Mike Sauer
Last Minutes Defensive
Center Left Wing Right Wing Defense Defense
Petteri Nokelainen Ryan Malone Radek Smolenak Mike Weber Mike Sauer
Goaltenders
Starting : Kevin Poulin
Backup : Niklas Svedberg
Extra Forwards
Normal : Philippe Paradis, Dainius Zubrus, Tanner Glass - PP : Philippe Paradis, Dainius Zubrus - PK : Tanner Glass
Extra Defensemen
Normal : Matt Mackenzie, Mike Weber, Adam McQuaid - PP : Matt Mackenzie - PK : Mike Weber, Adam McQuaid
Penalty Shots
Ryan Malone, Petteri Nokelainen, Luke Adam, Ondrej Palat, Tanner Glass
% Time on Ice - Rafales
Lines # - Real PCT - Wanted PCT - Time Play
Normal Forward
1 - 31% - 40% - 13:51
2 - 24% - 30% - 10:28
3 - 25% - 20% - 10:58
4 - 20% - 10% - 8:44
Normal Defense
1 - 38% - 40% - 16:48
2 - 36% - 30% - 15:50
3 - 22% - 20% - 9:54
4 - 3% - 10% - 1:29
PP Forward
1 - 54% - 60% - 8:39
2 - 46% - 40% - 7:20
PP Defense
1 - 60% - 60% - 9:33
2 - 40% - 40% - 6:26
PK Forward
1 - 0% - 60%
2 - 0% - 40%
PK Defense
1 - 0% - 60%
2 - 0% - 40%
PK3 Forward
1 - 0% - 60%
2 - 0% - 40%
PK3 Defense
1 - 0% - 60%
2 - 0% - 40%
44 Forward
1 - 75% - 60% - 3:44
2 - 25% - 40% - 1:16
44 Defense
1 - 55% - 60% - 2:45
2 - 45% - 40% - 2:15
Last Minute Offensive - 0:00
Last Minute Defensive - 0:00
Total
Forward - 65:00
Defense - 65:00
|
% Time on Ice - Punishers
Lines # - Real PCT - Wanted PCT - Time Play
Normal Forward
1 - 31% - 40% - 13:27
2 - 31% - 30% - 13:51
3 - 24% - 20% - 10:39
4 - 14% - 10% - 6:04
Normal Defense
1 - 42% - 40% - 18:19
2 - 29% - 30% - 12:34
3 - 25% - 20% - 11:12
4 - 4% - 10% - 1:56
PP Forward
1 - 0% - 60%
2 - 0% - 40%
PP Defense
1 - 0% - 60%
2 - 0% - 40%
PK Forward
1 - 68% - 60% - 10:48
2 - 32% - 40% - 5:11
PK Defense
1 - 68% - 60% - 10:49
2 - 32% - 40% - 5:10
PK3 Forward
1 - 0% - 60%
2 - 0% - 40%
PK3 Defense
1 - 0% - 60%
2 - 0% - 40%
44 Forward
1 - 74% - 60% - 3:41
2 - 26% - 40% - 1:19
44 Defense
1 - 58% - 60% - 2:53
2 - 42% - 40% - 2:07
Last Minute Offensive - 0:00
Last Minute Defensive - 0:00
Total
Forward - 65:00
Defense - 65:00
|
Play by Play
1st period
0:01 of 1st period - Petteri Nokelainen wins face-off versus Mike Zigomanis in neutral zone.
0:06 of 1st period - Snap shot by Petteri Nokelainen.
0:06 of 1st period - Shot Blocked by Dylan McIlrath.
0:12 of 1st period - Snap shot by Cody McLeod.
0:12 of 1st period - Shot Misses the Net.
0:14 of 1st period - Slapshot by Dylan McIlrath.
0:14 of 1st period - Shot Misses the Net.
0:26 of 1st period - Matt Gilroy is hit by Casey Cizikas.
0:44 of 1st period - Marc-André Gragnani is hit by Ryan Malone and loses puck.
1:21 of 1st period - Wrist shot by Casey Cizikas.
1:21 of 1st period - Stopped by John Gibson with a rebound.
1:27 of 1st period - Slapshot by Jeff Skinner.
1:27 of 1st period - Goal by Jeff Skinner - Rafales : 1 - Punishers : 0.
1:28 of 1st period - Brandon McMillan wins face-off versus Kevin Veilleux in neutral zone.
2:48 of 1st period - Wrist shot by Mike Zigomanis.
2:48 of 1st period - Stopped by Kevin Poulin with a rebound.
3:55 of 1st period - Wrist shot by Casey Cizikas.
3:55 of 1st period - Stopped by John Gibson with a rebound.
4:45 of 1st period - Snap shot by Michael Bournival.
4:45 of 1st period - Stopped by Kevin Poulin with a rebound.
4:57 of 1st period - Cody McLeod is hit by Matt Mackenzie and loses puck.
5:02 of 1st period - Snap shot by Ryan Malone.
5:02 of 1st period - Shot Misses the Net.
5:04 of 1st period - Backhand shot by Luke Adam.
5:04 of 1st period - Stopped by John Gibson with a rebound.
5:19 of 1st period - Icing by Dainius Zubrus.
5:20 of 1st period - Nathan Davis wins face-off versus Brandon McMillan in Punishers zone.
5:21 of 1st period - Slapshot by Jonathan Rheault.
5:21 of 1st period - Shot Misses the Net.
5:29 of 1st period - Jeff Skinner is hit by Brandon McMillan and loses puck.
6:46 of 1st period - Matt Mackenzie is hit by Jonathan Rheault and loses puck.
6:56 of 1st period - Icing by Jeff Skinner.
6:57 of 1st period - Mike Zigomanis wins face-off versus Luke Adam in Rafales zone.
7:01 of 1st period - Icing by Cody McLeod.
7:02 of 1st period - Luke Adam wins face-off versus Mike Zigomanis in Rafales zone.
7:15 of 1st period - Wrist shot by Cody McLeod.
7:15 of 1st period - Stopped by Kevin Poulin with a rebound.
7:52 of 1st period - Snap shot by Dainius Zubrus.
7:52 of 1st period - Goal by Dainius Zubrus - Rafales : 1 - Punishers : 1.
7:53 of 1st period - Mike Zigomanis wins face-off versus Petteri Nokelainen in neutral zone.
8:25 of 1st period - Icing by Jonathan Rheault.
8:26 of 1st period - Jonathan Rheault wins face-off versus Luke Adam in Rafales zone.
8:26 of 1st period - Jonathan Rheault is hit by Casey Cizikas.
8:58 of 1st period - Wrist shot by Cody McLeod.
8:58 of 1st period - Goal by Cody McLeod - Rafales : 2 - Punishers : 1.
8:59 of 1st period - Mike Zigomanis wins face-off versus Petteri Nokelainen in neutral zone.
9:02 of 1st period - Slapshot by Cody McLeod.
9:02 of 1st period - Shot Blocked by Petteri Nokelainen.
9:26 of 1st period - Julian Melchiori is hit by Mike Sauer.
9:35 of 1st period - Off-side.
9:36 of 1st period - Mike Zigomanis wins face-off versus Luke Adam in neutral zone.
10:25 of 1st period - Mike Sauer is hit by Mike Sislo and loses puck.
10:32 of 1st period - Wrist shot by Mike Sislo.
10:32 of 1st period - Deflect By Kevin Veilleux.
10:32 of 1st period - Shot Blocked by Mike Sauer.
10:32 of 1st period - Puck is out of play.
10:33 of 1st period - Petteri Nokelainen wins face-off versus Mike Zigomanis in Punishers zone.
11:00 of 1st period - Tim Crowder is hit by Mike Sauer and loses puck.
11:09 of 1st period - Snap shot by Tanner Glass.
11:09 of 1st period - Shot Misses the Net.
11:56 of 1st period - Minor Penalty to Alex Petrovic for Roughing.
11:57 of 1st period - Petteri Nokelainen wins face-off versus Mike Zigomanis in Punishers zone.
12:35 of 1st period - Luke Adam is hit by Jonathan Rheault.
13:56 of 1st period - Penalty to Alex Petrovic is over, Alex Petrovic is back on ice.
13:56 of 1st period - Icing by Tim Crowder.
13:57 of 1st period - Mike Zigomanis wins face-off versus Luke Adam in Rafales zone.
14:25 of 1st period - James Marcou is hit by Casey Cizikas and loses puck.
14:40 of 1st period - Dylan McIlrath is hit by Dainius Zubrus and loses puck.
15:03 of 1st period - Wrist shot by Jonathan Rheault.
15:03 of 1st period - Shot Misses the Net.
15:05 of 1st period - Snap shot by Jeff Skinner.
15:05 of 1st period - Stopped by Kevin Poulin without a rebound.
15:06 of 1st period - Luke Adam wins face-off versus Mike Zigomanis in Punishers zone.
15:08 of 1st period - Minor Penalty to Simon Despres for Unsportsmanlike conduct.
15:09 of 1st period - Mike Zigomanis wins face-off versus Petteri Nokelainen in Punishers zone.
15:13 of 1st period - Wrist shot by Cody McLeod.
15:13 of 1st period - Shot Blocked by Mike Sauer.
15:15 of 1st period - Snap shot by Mike Zigomanis.
15:15 of 1st period - Goal by Mike Zigomanis - Rafales : 3 - Punishers : 1.
15:16 of 1st period - Mike Zigomanis wins face-off versus Miikka Salomaki in neutral zone.
15:19 of 1st period - Petteri Nokelainen is hit by Cody McLeod and loses puck.
15:28 of 1st period - Snap shot by Milan Bartovic.
15:28 of 1st period - Goal by Milan Bartovic - Rafales : 4 - Punishers : 1.
15:28 of 1st period - Niklas Svedberg enters game.
15:29 of 1st period - Mike Zigomanis wins face-off versus Petteri Nokelainen in neutral zone.
16:04 of 1st period - Snap shot by Tanner Glass.
16:04 of 1st period - Deflect By Dainius Zubrus.
16:04 of 1st period - Shot Misses the Net.
16:04 of 1st period - Puck is out of play.
16:05 of 1st period - Petteri Nokelainen wins face-off versus Nathan Davis in Rafales zone.
16:57 of 1st period - Wrist shot by Tanner Glass.
16:57 of 1st period - Shot Misses the Net.
16:59 of 1st period - Snap shot by Adam McQuaid.
16:59 of 1st period - Deflect By Brandon McMillan.
16:59 of 1st period - Goal by Brandon McMillan - Rafales : 4 - Punishers : 2.
17:00 of 1st period - Mike Zigomanis wins face-off versus Petteri Nokelainen in neutral zone.
17:11 of 1st period - Wrist shot by Petteri Nokelainen.
17:11 of 1st period - Stopped by John Gibson with a rebound.
17:13 of 1st period - Wrist shot by Petteri Nokelainen.
17:13 of 1st period - Shot Misses the Net.
17:15 of 1st period - Slapshot by Simon Despres.
17:15 of 1st period - Stopped by John Gibson without a rebound.
17:16 of 1st period - Jonathan Rheault wins face-off versus Luke Adam in Rafales zone.
17:16 of 1st period - Jonathan Rheault is hit by Adam McQuaid.
17:47 of 1st period - Adam McQuaid is hit by Mike Zigomanis and loses puck.
18:06 of 1st period - Wrist shot by Tim Crowder.
18:06 of 1st period - Deflect By Kevin Veilleux.
18:06 of 1st period - Shot Misses the Net.
18:06 of 1st period - Puck is out of play.
18:07 of 1st period - Luke Adam wins face-off versus Kevin Veilleux in Punishers zone.
18:20 of 1st period - Snap shot by Casey Cizikas.
18:20 of 1st period - Shot Misses the Net.
18:22 of 1st period - Slapshot by Simon Despres.
18:22 of 1st period - Shot Blocked by Tim Crowder.
18:52 of 1st period - Slapshot by Dainius Zubrus.
18:52 of 1st period - Deflect By Brandon McMillan.
18:52 of 1st period - Stopped by John Gibson with a rebound.
18:54 of 1st period - Slapshot by Simon Despres.
18:54 of 1st period - Deflect By Nathan Davis.
18:54 of 1st period - Stopped by John Gibson with a rebound.
18:56 of 1st period - Slapshot by Simon Despres.
18:56 of 1st period - Stopped by John Gibson with a rebound.
18:58 of 1st period - Slapshot by Simon Despres.
18:58 of 1st period - Shot Blocked by Matt Gilroy.
19:00 of 1st period - Wrist shot by Brandon McMillan.
19:00 of 1st period - Stopped by John Gibson with a rebound.
19:02 of 1st period - Slapshot by Mike Sauer.
19:02 of 1st period - Shot Misses the Net.
19:28 of 1st period - Mike Weber is hit by Mike Sislo and loses puck.
Goals for this period are 4 for Rafales vs 2 for Punishers.
Shots for this period are 8 for Rafales vs 11 for Punishers.
2nd period
0:01 of 2nd period - Mike Zigomanis wins face-off versus Petteri Nokelainen in neutral zone.
0:32 of 2nd period - Wrist shot by Ryan Malone.
0:32 of 2nd period - Shot Misses the Net.
0:34 of 2nd period - Snap shot by Casey Cizikas.
0:34 of 2nd period - Goal by Casey Cizikas - Rafales : 4 - Punishers : 3.
0:35 of 2nd period - Mike Zigomanis wins face-off versus Petteri Nokelainen in neutral zone.
0:46 of 2nd period - Snap shot by Cody McLeod.
0:46 of 2nd period - Shot Misses the Net.
0:48 of 2nd period - Slapshot by Matt Gilroy.
0:48 of 2nd period - Deflect By Mike Sauer.
0:48 of 2nd period - Stopped by Niklas Svedberg with a rebound.
0:50 of 2nd period - Slapshot by Matt Gilroy.
0:50 of 2nd period - Shot Hit the Post.
0:56 of 2nd period - Minor Penalty to Miikka Salomaki for Close Hand On Puck.
0:57 of 2nd period - Petteri Nokelainen wins face-off versus Mike Zigomanis in Punishers zone.
1:29 of 2nd period - Off-side.
1:30 of 2nd period - Luke Adam wins face-off versus Nathan Davis in neutral zone.
1:35 of 2nd period - Wrist shot by Jonathan Rheault.
1:35 of 2nd period - Stopped by Niklas Svedberg with a rebound.
1:55 of 2nd period - Backhand shot by Cody McLeod.
1:55 of 2nd period - Shot Hit the Post.
1:57 of 2nd period - Snap shot by Milan Bartovic.
1:57 of 2nd period - Deflect By Cody McLeod.
1:57 of 2nd period - Stopped by Niklas Svedberg with a rebound.
1:59 of 2nd period - Snap shot by Mike Zigomanis.
1:59 of 2nd period - Shot Blocked by Simon Despres.
2:01 of 2nd period - Snap shot by Marc-André Gragnani.
2:01 of 2nd period - Shot Misses the Net.
2:03 of 2nd period - Slapshot by Marc-André Gragnani.
2:03 of 2nd period - Stopped by Niklas Svedberg with a rebound.
2:19 of 2nd period - Snap shot by Ondrej Palat.
2:19 of 2nd period - Stopped by John Gibson with a rebound.
2:56 of 2nd period - Penalty to Miikka Salomaki is over, Miikka Salomaki is back on ice.
3:20 of 2nd period - Slapshot by Dainius Zubrus.
3:20 of 2nd period - Stopped by John Gibson with a rebound.
3:22 of 2nd period - Slapshot by Mike Sauer.
3:22 of 2nd period - Shot Misses the Net.
3:26 of 2nd period - Wrist shot by Dainius Zubrus.
3:26 of 2nd period - Deflect By Petr Kalus.
3:26 of 2nd period - Stopped by John Gibson with a rebound.
3:34 of 2nd period - Slapshot by Mike Weber.
3:34 of 2nd period - Stopped by John Gibson without a rebound.
3:35 of 2nd period - Luke Adam wins face-off versus Mike Zigomanis in Rafales zone.
3:47 of 2nd period - Icing by Matt Gilroy.
3:48 of 2nd period - Mike Zigomanis wins face-off versus Luke Adam in Rafales zone.
4:18 of 2nd period - Snap shot by Cody McLeod.
4:18 of 2nd period - Deflect By Ondrej Palat.
4:18 of 2nd period - Stopped by Niklas Svedberg without a rebound.
4:19 of 2nd period - Nathan Davis wins face-off versus Petteri Nokelainen in Punishers zone.
4:54 of 2nd period - Snap shot by Milan Bartovic.
4:54 of 2nd period - Stopped by Niklas Svedberg with a rebound.
4:56 of 2nd period - Snap shot by Mike Zigomanis.
4:56 of 2nd period - Stopped by Niklas Svedberg with a rebound.
4:58 of 2nd period - Wrist shot by Cody McLeod.
4:58 of 2nd period - Stopped by Niklas Svedberg without a rebound.
4:59 of 2nd period - Mike Zigomanis wins face-off versus Luke Adam in Punishers zone.
5:24 of 2nd period - Simon Despres is hit by Jeff Skinner and loses puck.
6:27 of 2nd period - Mike Weber is hit by Cody McLeod and loses puck.
6:34 of 2nd period - Snap shot by Mike Zigomanis.
6:34 of 2nd period - Stopped by Niklas Svedberg without a rebound.
6:35 of 2nd period - Brandon McMillan wins face-off versus Nathan Davis in Punishers zone.
6:52 of 2nd period - Alex Petrovic is hit by Jeff Skinner and loses puck.
7:28 of 2nd period - Slapshot by Tim Crowder.
7:28 of 2nd period - Shot Misses the Net.
7:30 of 2nd period - Slapshot by Matt Gilroy.
7:30 of 2nd period - Shot Blocked by Casey Cizikas.
7:50 of 2nd period - Slapshot by Mike Sauer.
7:50 of 2nd period - Stopped by John Gibson with a rebound.
7:52 of 2nd period - Slapshot by Mike Sauer.
7:52 of 2nd period - Deflect By Petteri Nokelainen.
7:52 of 2nd period - Shot Misses the Net.
7:52 of 2nd period - Puck is out of play.
7:53 of 2nd period - Quinton Howden wins face-off versus Petr Kalus in Rafales zone.
7:54 of 2nd period - Slapshot by Adam McQuaid.
7:54 of 2nd period - Stopped by John Gibson with a rebound.
8:00 of 2nd period - Wrist shot by Petr Kalus.
8:00 of 2nd period - Shot Misses the Net.
8:02 of 2nd period - Wrist shot by Julian Melchiori.
8:02 of 2nd period - Stopped by Niklas Svedberg with a rebound.
8:04 of 2nd period - Wrist shot by Petr Kalus.
8:04 of 2nd period - Stopped by Niklas Svedberg without a rebound.
8:05 of 2nd period - Mike Zigomanis wins face-off versus Petteri Nokelainen in Punishers zone.
8:06 of 2nd period - Snap shot by Milan Bartovic.
8:06 of 2nd period - Stopped by Niklas Svedberg with a rebound.
8:08 of 2nd period - Minor Penalty to Mike Sauer for High sticking.
8:09 of 2nd period - Petteri Nokelainen wins face-off versus Mike Zigomanis in Punishers zone.
10:08 of 2nd period - Penalty to Mike Sauer is over, Mike Sauer is back on ice.
10:17 of 2nd period - Marc-André Gragnani is hit by Luke Adam and loses puck.
10:40 of 2nd period - Icing by Jeff Skinner.
10:41 of 2nd period - Kevin Veilleux wins face-off versus Quinton Howden in Rafales zone.
10:46 of 2nd period - Wrist shot by Tim Crowder.
10:46 of 2nd period - Shot Misses the Net.
11:08 of 2nd period - Slapshot by Julian Melchiori.
11:08 of 2nd period - Stopped by Niklas Svedberg without a rebound.
11:09 of 2nd period - Petteri Nokelainen wins face-off versus Mike Zigomanis in Punishers zone.
11:09 of 2nd period - Petteri Nokelainen is hit by Mike Zigomanis.
11:15 of 2nd period - Cody McLeod is hit by Ondrej Palat and loses puck.
11:54 of 2nd period - Wrist shot by Petteri Nokelainen.
11:54 of 2nd period - Deflect By Miikka Salomaki.
11:54 of 2nd period - Goal by Miikka Salomaki - Rafales : 4 - Punishers : 4.
11:55 of 2nd period - Milan Bartovic wins face-off versus Luke Adam in neutral zone.
12:08 of 2nd period - Snap shot by Luke Adam.
12:08 of 2nd period - Stopped by John Gibson with a rebound.
12:53 of 2nd period - Snap shot by Tim Crowder.
12:53 of 2nd period - Stopped by Niklas Svedberg with a rebound.
13:13 of 2nd period - Alex Petrovic is hit by Michael Bournival and loses puck.
13:18 of 2nd period - Snap shot by Michael Bournival.
13:18 of 2nd period - Stopped by Niklas Svedberg without a rebound.
13:19 of 2nd period - Brandon McMillan wins face-off versus Mike Zigomanis in Punishers zone.
13:44 of 2nd period - Adam McQuaid is hit by Jeff Skinner and loses puck.
14:09 of 2nd period - Slapshot by Mike Sauer.
14:09 of 2nd period - Stopped by John Gibson without a rebound.
14:10 of 2nd period - Kevin Veilleux wins face-off versus Petteri Nokelainen in Rafales zone.
14:35 of 2nd period - Simon Despres is hit by Milan Bartovic and loses puck.
14:43 of 2nd period - Minor Penalty to Ryan Malone for Holding.
14:44 of 2nd period - Mike Zigomanis wins face-off versus Petteri Nokelainen in Punishers zone.
15:31 of 2nd period - Snap shot by Dainius Zubrus.
15:31 of 2nd period - Stopped by John Gibson without a rebound.
15:32 of 2nd period - Mike Zigomanis wins face-off versus Luke Adam in Rafales zone.
15:36 of 2nd period - Off-side.
15:37 of 2nd period - Mike Zigomanis wins face-off versus Petteri Nokelainen in neutral zone.
16:08 of 2nd period - Slapshot by Matt Gilroy.
16:08 of 2nd period - Shot Misses the Net.
16:10 of 2nd period - Snap shot by Nathan Davis.
16:10 of 2nd period - Stopped by Niklas Svedberg with a rebound.
16:12 of 2nd period - Snap shot by Jonathan Rheault.
16:12 of 2nd period - Shot Blocked by Ondrej Palat.
16:14 of 2nd period - Backhand shot by Mike Sislo.
16:14 of 2nd period - Shot Blocked by Simon Despres.
16:16 of 2nd period - Slapshot by Matt Gilroy.
16:16 of 2nd period - Stopped by Niklas Svedberg without a rebound.
16:17 of 2nd period - Petteri Nokelainen wins face-off versus Nathan Davis in Punishers zone.
16:24 of 2nd period - Wrist shot by Mike Weber.
16:24 of 2nd period - Stopped by John Gibson without a rebound.
16:25 of 2nd period - Petteri Nokelainen wins face-off versus Nathan Davis in Rafales zone.
16:26 of 2nd period - Snap shot by Dainius Zubrus.
16:26 of 2nd period - Stopped by John Gibson with a rebound.
16:28 of 2nd period - Wrist shot by Dainius Zubrus.
16:28 of 2nd period - Shot Blocked by Marc-André Gragnani.
16:30 of 2nd period - Snap shot by Petteri Nokelainen.
16:30 of 2nd period - Shot Blocked by Marc-André Gragnani.
16:32 of 2nd period - Slapshot by Mike Weber.
16:32 of 2nd period - Shot Misses the Net.
16:34 of 2nd period - Wrist shot by Dainius Zubrus.
16:34 of 2nd period - Stopped by John Gibson with a rebound.
16:36 of 2nd period - Slapshot by Mike Sauer.
16:36 of 2nd period - Shot Misses the Net.
16:40 of 2nd period - Snap shot by Dainius Zubrus.
16:40 of 2nd period - Shot Misses the Net.
16:43 of 2nd period - Penalty to Ryan Malone is over, Ryan Malone is back on ice.
17:54 of 2nd period - Ryan Malone is hit by Dylan McIlrath and loses puck.
18:16 of 2nd period - Mike Weber is hit by Matt Gilroy and loses puck.
19:10 of 2nd period - Minor Penalty to Ryan Malone for Slashing.
19:11 of 2nd period - Petteri Nokelainen wins face-off versus Mike Zigomanis in Punishers zone.
19:11 of 2nd period - Petteri Nokelainen is hit by Dylan McIlrath.
Goals for this period are 0 for Rafales vs 2 for Punishers.
Shots for this period are 17 for Rafales vs 14 for Punishers.
3rd period
0:01 of 3rd period - Mike Zigomanis wins face-off versus Petteri Nokelainen in neutral zone.
0:30 of 3rd period - Wrist shot by Ondrej Palat.
0:30 of 3rd period - Deflect By Luke Adam.
0:30 of 3rd period - Stopped by John Gibson with a rebound.
0:32 of 3rd period - Slapshot by Simon Despres.
0:32 of 3rd period - Stopped by John Gibson without a rebound.
0:33 of 3rd period - Nathan Davis wins face-off versus Petteri Nokelainen in Rafales zone.
1:10 of 3rd period - Penalty to Ryan Malone is over, Ryan Malone is back on ice.
1:23 of 3rd period - Casey Cizikas is hit by Michael Bournival and loses puck.
1:42 of 3rd period - Snap shot by Ondrej Palat.
1:42 of 3rd period - Stopped by John Gibson with a rebound.
1:54 of 3rd period - Slapshot by Jeff Skinner.
1:54 of 3rd period - Shot Misses the Net.
2:02 of 3rd period - Wrist shot by Dainius Zubrus.
2:02 of 3rd period - Shot Blocked by Nathan Davis.
2:12 of 3rd period - Dylan McIlrath is hit by Radek Smolenak and loses puck.
2:45 of 3rd period - Wrist shot by Tanner Glass.
2:45 of 3rd period - Shot Blocked by Mike Sislo.
2:47 of 3rd period - Wrist shot by Brandon McMillan.
2:47 of 3rd period - Stopped by John Gibson without a rebound.
2:48 of 3rd period - Brandon McMillan wins face-off versus Kevin Veilleux in Rafales zone.
3:01 of 3rd period - Slapshot by Marc-André Gragnani.
3:01 of 3rd period - Deflect By Mike Sislo.
3:01 of 3rd period - Shot Misses the Net.
3:01 of 3rd period - Puck is out of play.
3:02 of 3rd period - Mike Zigomanis wins face-off versus Petteri Nokelainen in Punishers zone.
3:27 of 3rd period - Cody McLeod is hit by Tanner Glass and loses puck.
4:14 of 3rd period - Slapshot by Mike Sauer.
4:14 of 3rd period - Shot Misses the Net.
6:06 of 3rd period - Wrist shot by Ondrej Palat.
6:06 of 3rd period - Stopped by John Gibson with a rebound.
6:28 of 3rd period - Snap shot by Mike Sislo.
6:28 of 3rd period - Shot Misses the Net.
6:30 of 3rd period - Slapshot by Mark Fayne.
6:30 of 3rd period - Deflect By Mike Sislo.
6:30 of 3rd period - Goal by Mike Sislo - Rafales : 5 - Punishers : 4.
6:31 of 3rd period - Mike Zigomanis wins face-off versus Petteri Nokelainen in neutral zone.
6:41 of 3rd period - Wrist shot by Cody McLeod.
6:41 of 3rd period - Shot Misses the Net.
6:43 of 3rd period - Slapshot by Mike Zigomanis.
6:43 of 3rd period - Shot Misses the Net.
6:47 of 3rd period - Snap shot by Milan Bartovic.
6:47 of 3rd period - Deflect By Petteri Nokelainen.
6:47 of 3rd period - Shot Misses the Net.
6:47 of 3rd period - Puck is out of play.
6:48 of 3rd period - Luke Adam wins face-off versus Nathan Davis in Punishers zone.
6:50 of 3rd period - Minor Penalty to Mike Sauer for Tripping.
6:51 of 3rd period - Petteri Nokelainen wins face-off versus Mike Zigomanis in Punishers zone.
7:20 of 3rd period - Mike Sislo is hit by Luke Adam.
8:50 of 3rd period - Penalty to Mike Sauer is over, Mike Sauer is back on ice.
8:58 of 3rd period - Wrist shot by Michael Bournival.
8:58 of 3rd period - Stopped by Niklas Svedberg with a rebound.
9:00 of 3rd period - Slapshot by Connor Murphy.
9:00 of 3rd period - Stopped by Niklas Svedberg with a rebound.
9:02 of 3rd period - Slapshot by Mark Fayne.
9:02 of 3rd period - Stopped by Niklas Svedberg with a rebound.
9:06 of 3rd period - Wrist shot by Michael Bournival.
9:06 of 3rd period - Shot Misses the Net.
9:38 of 3rd period - Nathan Davis is hit by Luke Adam and loses puck.
9:55 of 3rd period - Ryan Malone is hit by Michael Bournival.
10:26 of 3rd period - Michael Bournival is hit by Radek Smolenak and loses puck.
10:37 of 3rd period - Minor Penalty to Radek Smolenak for Hooking.
10:38 of 3rd period - Mike Zigomanis wins face-off versus Petteri Nokelainen in Punishers zone.
11:05 of 3rd period - Ondrej Palat is hit by Nathan Davis and loses puck.
11:26 of 3rd period - Milan Bartovic is hit by Petteri Nokelainen and loses puck.
12:37 of 3rd period - Penalty to Radek Smolenak is over, Radek Smolenak is back on ice.
12:44 of 3rd period - Off-side.
12:45 of 3rd period - Luke Adam wins face-off versus Petr Kalus in neutral zone.
12:47 of 3rd period - Off-side.
12:48 of 3rd period - James Marcou wins face-off versus Luke Adam in neutral zone.
13:25 of 3rd period - Cody McLeod is hit by Dainius Zubrus and loses puck.
13:57 of 3rd period - Slapshot by Marc-André Gragnani.
13:57 of 3rd period - Shot Misses the Net.
13:59 of 3rd period - Wrist shot by Marc-André Gragnani.
13:59 of 3rd period - Shot Misses the Net.
14:03 of 3rd period - Snap shot by Mike Sislo.
14:03 of 3rd period - Shot Misses the Net.
14:07 of 3rd period - Snap shot by Mike Sislo.
14:07 of 3rd period - Stopped by Niklas Svedberg with a rebound.
14:09 of 3rd period - Slapshot by Marc-André Gragnani.
14:09 of 3rd period - Stopped by Niklas Svedberg with a rebound.
14:15 of 3rd period - Minor Penalty to Simon Despres for Hooking.
14:16 of 3rd period - Mike Zigomanis wins face-off versus Petteri Nokelainen in Punishers zone.
14:17 of 3rd period - Slapshot by Cody McLeod.
14:17 of 3rd period - Stopped by Niklas Svedberg with a rebound.
14:19 of 3rd period - Wrist shot by Cody McLeod.
14:19 of 3rd period - Shot Blocked by Mike Weber.
14:21 of 3rd period - Wrist shot by Milan Bartovic.
14:21 of 3rd period - Stopped by Niklas Svedberg with a rebound.
14:47 of 3rd period - Snap shot by Matt Gilroy.
14:47 of 3rd period - Shot Misses the Net.
15:38 of 3rd period - Icing by Matt Gilroy.
15:39 of 3rd period - Luke Adam wins face-off versus Cody McLeod in Rafales zone.
16:10 of 3rd period - Marc-André Gragnani is hit by Ondrej Palat.
16:15 of 3rd period - Penalty to Simon Despres is over, Simon Despres is back on ice.
16:20 of 3rd period - Wrist shot by Michael Bournival.
16:20 of 3rd period - Stopped by Niklas Svedberg with a rebound.
16:28 of 3rd period - Slapshot by Adam McQuaid.
16:28 of 3rd period - Stopped by John Gibson with a rebound.
16:30 of 3rd period - Slapshot by Luke Adam.
16:30 of 3rd period - Stopped by John Gibson without a rebound.
16:31 of 3rd period - Luke Adam wins face-off versus Nathan Davis in Rafales zone.
16:32 of 3rd period - Wrist shot by Ryan Malone.
16:32 of 3rd period - Stopped by John Gibson without a rebound.
16:33 of 3rd period - Luke Adam wins face-off versus Jonathan Rheault in Rafales zone.
16:43 of 3rd period - Snap shot by Ryan Malone.
16:43 of 3rd period - Stopped by John Gibson without a rebound.
16:44 of 3rd period - Kevin Veilleux wins face-off versus Brandon McMillan in Rafales zone.
17:14 of 3rd period - Snap shot by Milan Bartovic.
17:14 of 3rd period - Shot Misses the Net.
17:16 of 3rd period - Snap shot by Cody McLeod.
17:16 of 3rd period - Deflect By Mike Zigomanis.
17:16 of 3rd period - Shot Blocked by Adam McQuaid.
17:16 of 3rd period - Puck is out of play.
17:17 of 3rd period - Brandon McMillan wins face-off versus Mike Zigomanis in Punishers zone.
17:24 of 3rd period - Wrist shot by Dainius Zubrus.
17:24 of 3rd period - Stopped by John Gibson without a rebound.
17:25 of 3rd period - Mike Zigomanis wins face-off versus Brandon McMillan in Rafales zone.
18:00 of 3rd period - Wrist shot by Petteri Nokelainen.
18:00 of 3rd period - Goal by Petteri Nokelainen - Rafales : 5 - Punishers : 5.
18:01 of 3rd period - Brandon McMillan wins face-off versus Kevin Veilleux in neutral zone.
18:16 of 3rd period - Snap shot by Tanner Glass.
18:16 of 3rd period - Stopped by John Gibson without a rebound.
18:17 of 3rd period - Quinton Howden wins face-off versus Mike Zigomanis in Rafales zone.
18:42 of 3rd period - Matt Gilroy is hit by Dainius Zubrus and loses puck.
19:04 of 3rd period - Icing by Mike Sauer.
19:05 of 3rd period - Nathan Davis wins face-off versus Petteri Nokelainen in Punishers zone.
19:06 of 3rd period - Snap shot by Jonathan Rheault.
19:06 of 3rd period - Stopped by Niklas Svedberg without a rebound.
19:07 of 3rd period - Brandon McMillan wins face-off versus Kevin Veilleux in Punishers zone.
19:12 of 3rd period - Slapshot by Adam McQuaid.
19:12 of 3rd period - Shot Blocked by Dylan McIlrath.
19:37 of 3rd period - Slapshot by Mark Fayne.
19:37 of 3rd period - Shot Misses the Net.
19:39 of 3rd period - Slapshot by Mark Fayne.
19:39 of 3rd period - Deflect By Nathan Davis.
19:39 of 3rd period - Shot Misses the Net.
19:39 of 3rd period - Puck is out of play.
19:40 of 3rd period - Nathan Davis wins face-off versus Quinton Howden in Punishers zone.
19:49 of 3rd period - Slapshot by Jeff Skinner.
19:49 of 3rd period - Stopped by Niklas Svedberg without a rebound.
19:50 of 3rd period - Nathan Davis wins face-off versus Petteri Nokelainen in Punishers zone.
19:53 of 3rd period - Wrist shot by Jonathan Rheault.
19:53 of 3rd period - Deflect By Jeff Skinner.
19:53 of 3rd period - Shot Blocked by Radek Smolenak.
19:53 of 3rd period - Puck is out of play.
19:54 of 3rd period - Brandon McMillan wins face-off versus Kevin Veilleux in Punishers zone.
19:59 of 3rd period - Tanner Glass is hit by Dylan McIlrath and loses puck.
Goals for this period are 1 for Rafales vs 1 for Punishers.
Shots for this period are 11 for Rafales vs 12 for Punishers.
Overtime #1
0:01 of 1st overtime period - Mike Zigomanis wins face-off versus Petteri Nokelainen in neutral zone.
0:56 of 1st overtime period - Icing by Marc-André Gragnani.
0:57 of 1st overtime period - Milan Bartovic wins face-off versus Petteri Nokelainen in Rafales zone.
1:10 of 1st overtime period - Snap shot by Nathan Davis.
1:10 of 1st overtime period - Stopped by Niklas Svedberg with a rebound.
1:24 of 1st overtime period - Icing by Connor Murphy.
1:25 of 1st overtime period - Milan Bartovic wins face-off versus Luke Adam in Rafales zone.
1:34 of 1st overtime period - Snap shot by Luke Adam.
1:34 of 1st overtime period - Stopped by John Gibson with a rebound.
1:52 of 1st overtime period - Simon Despres is hit by Mike Zigomanis and loses puck.
2:26 of 1st overtime period - Marc-André Gragnani is hit by Ondrej Palat and loses puck.
3:15 of 1st overtime period - Snap shot by Jeff Skinner.
3:15 of 1st overtime period - Shot Misses the Net.
3:17 of 1st overtime period - Snap shot by Connor Murphy.
3:17 of 1st overtime period - Stopped by Niklas Svedberg with a rebound.
3:19 of 1st overtime period - Slapshot by Marc-André Gragnani.
3:19 of 1st overtime period - Shot Blocked by Mike Sauer.
4:48 of 1st overtime period - Nathan Davis is hit by Mike Weber and loses puck.
Goals for this period are 0 for Rafales vs 0 for Punishers.
Shots for this period are 2 for Rafales vs 1 for Punishers.
ShootOut
5:00 of 1st overtime period - Penalty Shot by Mike Zigomanis for Rafales.
5:00 of 1st overtime period - Backhand shot by Mike Zigomanis.
5:00 of 1st overtime period - Shot Misses the Net.
5:00 of 1st overtime period - Penalty Shot by Ryan Malone for Punishers.
5:00 of 1st overtime period - Wrist shot by Ryan Malone.
5:00 of 1st overtime period - Goal by Ryan Malone.
5:00 of 1st overtime period - Penalty Shot by Cody McLeod for Rafales.
5:00 of 1st overtime period - Wrist shot by Cody McLeod.
5:00 of 1st overtime period - Stopped by Niklas Svedberg.
5:00 of 1st overtime period - Penalty Shot by Petteri Nokelainen for Punishers.
5:00 of 1st overtime period - Deke by Petteri Nokelainen.
5:00 of 1st overtime period - Shot Misses the Net.
5:00 of 1st overtime period - Penalty Shot by Milan Bartovic for Rafales.
5:00 of 1st overtime period - Snap shot by Milan Bartovic.
5:00 of 1st overtime period - Shot Misses the Net.
Back to the Top